 Dungeon Crawl Stone Soup version 0.21-a0-221-gfe971b9 (console) character file.

17379 removed the Basher (level 12, -3/94 HPs)
             Began as a Mummy Wanderer on Aug 25, 2017.
             Was an Elder of Ru.
             Shot with an arrow by a minotaur (15 damage)
             ... in a labyrinth.
             The game lasted 00:39:32 (16655 turns).

removed the Basher (Mummy Wanderer)                Turns: 16655, Time: 00:39:33

Health: -3/94      AC: 14    Str: 23    XL:     12   Next: 18%
Magic:  0/16       EV:  6    Int: 12    God:    Ru [****..]
Gold:   594        SH:  0    Dex:  8    Spells: 15/16 levels left

rFire    . . .     SeeInvis +   a - +2 morningstar (crush) (curse)
rCold    + . .     Gourm    .   (no shield)
rNeg     + + +     Faith    .   H - +0 plate armour
rPois    ∞         Spirit   +   V - +0 helmet
rElec    .         Reflect  .   J - scarf {Spirit}
rCorr    .         Harm     .   (no gloves)
MR       +....                  (no boots)
Stlth    ..........             (no amulet)
HPRegen  0.25/turn              n - ring of protection from fire
MPRegen  0.15/turn              p - ring of see invisible

@: no status effects
A: no food or potions, fire vulnerability, cold resistance 1, negative energy
resistance 3, torment resistance, unbreathing, inability to use devices, no air
magic, no conjurations magic, no transmutations magic, disrupted magic 1
a: Draw Out Power, Power Leap, Renounce Religion


You were in a labyrinth.
You worshipped Ru.
Ru was greatly pleased with you.
You were not hungry.

You visited 2 branches of the dungeon, and saw 12 of its levels.
You also visited: Labyrinth, Ossuary and Ice Cave.

You collected 594 gold pieces.

Inventory:

Hand Weapons
 a - a cursed +2 morningstar of crushing (weapon)
 b - the +7 mace "Kaegash" {freeze, Str+4}
   (You found it on level 8 of the Dungeon)

   It has been specially enchanted to freeze those struck by it, causing extra
   injury to most foes and up to half again as much damage against particularly
   susceptible opponents.
   It can also slow down cold-blooded creatures.
   It affects your strength (+4).
 N - a +2 whip of freezing
 S - a +5 flail of draining
 Y - the +9 staff of Olgreb {rPois}
   (You found it on level 8 of the Dungeon)

   It protects you from poison.
Armour
 H - a +0 plate armour (worn)
 J - a scarf of spirit shield (worn)
 T - the +1 scale mail "Duesm" {-Cast rF+++ Int+3 Dex+4, unknown}
   (You took it off a wight on level 9 of the Dungeon)

   It affects your intelligence (+3).
   It affects your dexterity (+4).
   It renders you almost immune to fire.
   It prevents spellcasting.
 V - a +0 helmet (worn)
 X - a +0 shield
Jewellery
 n - a ring of protection from fire (left hand)
 p - a ring of see invisible (right hand)
 F - a +6 ring of dexterity
 O - an uncursed amulet of regeneration {unknown}
 P - a +6 amulet of reflection {unknown}
 Z - an uncursed ring of flight
Scrolls
 h - 4 scrolls of enchant weapon
 k - 6 scrolls of teleportation
 m - a scroll of recharging
 o - 6 scrolls of enchant armour
 q - 2 scrolls of magic mapping
 s - a scroll of fog
 w - 2 scrolls of amnesia
 A - 2 scrolls of fear
 W - a scroll of blinking {unknown}
Books
 Q - Ts'ui Pên's Almanac of Forking Paths
   (You found it on level 11 of the Dungeon)

   Spells                             Type                      Level
   a - Dazzling Spray                 Conjuration/Hexes            3
   b - Leda's Liquefaction            Hexes/Earth                  4
   c - Deflect Missiles               Charms/Air                   6
 R - the Papyrus of Combed Thunderclap
   (You found it on level 11 of the Dungeon)

   Spells                             Type                      Level
   a - Mephitic Cloud                 Conjuration/Poison/Air       3
   b - Lightning Bolt                 Conjuration/Air              5
 U - the Almanac of Axaxaxas mlö
   (You found it on level 11 of the Dungeon)

   Spells                             Type                      Level
   a - Vampiric Draining              Necromancy                   3
   b - Silence                        Hexes/Air                    5


   Skills:
 - Level 8.9 Fighting
 + Level 13.4 Maces & Flails
 - Level 6.0 Armour
 - Level 1.0 Shields
 - Level 2.6 Spellcasting
 - Level 1.5 Charms
   Level 1.0 Earth Magic


You had 15 spell levels left.
You knew the following spells:

 Your Spells              Type           Power        Failure   Level  Hunger
a - Infusion              Chrm           #...         95%         1    N/A

Dungeon Overview and Level Annotations

Branches:
Dungeon (11/15)            Temple (0/1) D:4            Lair (1/6) D:11
    Orc: D:9-12

Altars:
Dithmenos
Elyvilon
Makhleb
Okawaru
Ru
The Shining One

Shops:
D:6 [=[*   D:9 *

Annotations:
D:8 1 runed door
D:9 Gastronok


Innate Abilities, Weirdness & Mutations

You do not eat or drink.
Your flesh is vulnerable to fire.
You are immune to poison.
Your flesh is cold resistant. (rC+)
You are immune to negative energy. (rN+++)
You are immune to unholy pain and torment.
You can survive without breathing.
You cannot study or use magical devices.
You cannot study or cast Air magic.
You cannot study or cast Conjurations magic.
You cannot study or cast Transmutations magic.
Your casting is slightly disrupted.


Message History

Aim: a minotaur, wielding a longbow, wearing a robe and wearing a ring of see invisible (heavily wounded)
You throw a javelin. The javelin hits the minotaur!
The minotaur is severely wounded.
The minotaur shoots an arrow.
The arrow hits you!!
Throwing (i - inventory):
g - 2 javelins (quivered)
Press: ? - help, Shift-Dir - straight line, f/p - minotaur
Aim: a minotaur, wielding a longbow, wearing a robe and wearing a ring of see invisible (severely wounded)
You throw a javelin. The javelin hits the minotaur.
The minotaur is severely wounded.
The minotaur shoots an arrow.
The arrow hits you!
* * * LOW HITPOINT WARNING * * *
Throwing (i - inventory):
g - a javelin (quivered)
Press: ? - help, Shift-Dir - straight line, f/p - minotaur
Aim: a minotaur, wielding a longbow, wearing a robe and wearing a ring of see invisible (severely wounded)
You throw a javelin. The javelin hits the minotaur!
The minotaur is almost dead.
The minotaur shoots an arrow.
The arrow hits you!!
* * * LOW HITPOINT WARNING * * *
The minotaur shoots an arrow.
The arrow hits you!
You die...

#.# #.# # # #
###.### # .#
#.....#.# .. # #
#.###.# .# ..
#.#... .. #
#####.#.###.#####
#.# .
.#....@.......
#.##
.#.#..##'##..#.#
#... .#....#8.8 #
#.#.######.#.H.#
#.# ..#8(8# #.###
..#(./# #. . #
...#8.8#
###.######.#%.=#
. ..# . #..# .


You could see a minotaur.

Vanquished Creatures
  Erolcha (D:9)
  The ghost of Cadaver the Martial Artist, a journeyman HuGl of Uskayaw (Lair:1)
  A hydra (D:8)
  2 unseen horrors (Lab)
  Pikel (D:6)
  An ugly thing (D:8)
  A deep elf mage (D:11)
  A black mamba (Lair:1)
  An ice devil (IceCv)
  3 trolls (D:11)
  Grinder (D:5)
  2 dream sheep (D:8)
  Prince Ribbit (D:6)
  A hippogriff (D:11)
  3 redbacks (Lab)
  A wyvern (D:10)
  A vampire (D:10)
  22 yaks
  2 hungry ghosts (Lab)
  Edmund (D:6)
  3 soldier ants (D:8)
  Duvessa (D:6)
  3 water moccasins (D:8)
  2 sky beasts (D:7)
  5 orc warriors
  A black bear (D:8)
  An eye of draining (D:11)
  4 ogres
  A centaur (D:11)
  A necrophage (D:8)
  3 phantoms
  3 big kobolds (D:8)
  4 bullfrogs
  A gnoll sergeant (D:8)
  A wyvern zombie (D:10)
  A water moccasin zombie (D:7)
  Dowan (D:6)
  2 scorpions
  8 killer bees (D:8)
  19 wights
  A howler monkey (D:5)
  4 crimson imps
  2 bullfrog zombies (D:5)
  2 gnoll shamans
  3 hounds
  2 jellies
  3 centaur zombies
  6 orc priests
  A bullfrog skeleton (D:11)
  2 iguanas (D:7)
  12 orc wizards
  14 worker ants
  6 big kobold zombies (Ossuary)
  A hound skeleton (D:9)
  2 mummies
  2 worker ant zombies
  A howler monkey skeleton (D:5)
  11 gnolls
  7 adders
  2 shadow imps (D:5)
  8 white imps (IceCv)
  3 ufetubi (IceCv)
  2 oozes
  2 adder skeletons
  3 adder zombies
  4 worms
  A dart slug (D:1)
  9 leopard geckos
  47 orcs
  4 spectral bats (Ossuary)
  6 giant cockroaches
  6 gnoll zombies (Ossuary)
  10 goblins
  7 hobgoblins
  6 jackals
  6 kobolds
  3 quokkas
  9 bats
  3 bat simulacra (Ossuary)
  3 frilled lizards
  3 goblin simulacra (Ossuary)
  4 goblin zombies (Ossuary)
  5 hobgoblin zombies (Ossuary)
  4 kobold simulacra (Ossuary)
  5 kobold zombies (Ossuary)
  4 orc zombies (Ossuary)
  8 rats
  A rat simulacrum (Ossuary)
  6 spectral goblins (Ossuary)
  2 spectral kobolds (Ossuary)
  3 spectral rats (Ossuary)
384 creatures vanquished.

Vanquished Creatures (others)
  A reaper (IceCv)
  The ghost of kal9871 the Carver, a journeyman DsSk of Wu Jian (IceCv)
  A yak (D:11)
  A bullfrog (D:10)
  A killer bee (D:8)
  A hound skeleton (D:6)
  A white imp (IceCv)
  6 ufetubi (IceCv)
  A rat simulacrum (Ossuary)
  A fungus (Lair:1)
15 creatures vanquished.

Grand Total: 399 creatures vanquished

Notes
Turn   | Place    | Note
-------+----------+-------------------------------------------
     0 | D:1      | removed the Mummy Wanderer began the quest for the Orb.
     0 | D:1      | removed set off with: a book of Battle, Zesycri Nis's Tome of the Mountains, Qiris's Tome of the Rocks, a +0 robe, a +0 club
     0 | D:1      | Reached XP level 1. HP: 13/13 MP: 4/4
     0 | D:1      | Identified Qiris's Tome of the Rocks
     0 | D:1      | Identified Zesycri Nis's Tome of the Mountains
   333 | D:1      | Learned a level 1 spell: Infusion
   342 | D:1      | Reached skill level 1 in Fighting
   589 | D:1      | Reached XP level 2. HP: 22/22 MP: 5/5
  1658 | D:1      | Reached XP level 3. HP: 28/28 MP: 7/7
  2293 | D:2      | Found a glowing golden altar of the Shining One.
  2798 | D:3      | Found a sacrificial altar of Ru.
  2802 | D:3      | Became a worshipper of Ru the Awakened
  2806 | D:3      | Found an iron altar of Okawaru.
  2809 | D:3      | Found a burning altar of Makhleb.
  2953 | D:3      | Reached skill level 1 in Armour
  3023 | D:3      | Reached XP level 4. HP: 35/35 MP: 8/8
  3306 | D:3      | Found a white marble altar of Elyvilon.
  3737 | D:4      | Noticed an ogre
  3758 | D:4      | Killed an ogre
  3758 | D:4      | Reached XP level 5. HP: 28/41 MP: 9/9
  3956 | D:4      | Reached XP level 6. HP: 41/49 MP: 10/10
  4045 | D:4      | Found a sand-covered staircase.
  4094 | D:4      | Found a staircase to the Ecumenical Temple.
  4150 | Ossuary  | Entered an ossuary
  4152 | Ossuary  | Gained mutation: Your casting is slightly disrupted. [Ru sacrifice]
  5295 | D:5      | Entered Level 5 of the Dungeon
  5323 | D:5      | Reached XP level 7. HP: 55/55 MP: 11/11
  5468 | D:5      | Reached skill level 5 in Armour
  5474 | D:5      | Found a shadowy altar of Dithmenos.
  5855 | D:5      | Reached skill level 5 in Fighting
  5949 | D:5      | Noticed Grinder
  5978 | D:5      | Killed Grinder
  6226 | D:6      | Found Wuekuizu's Antique Armour Shoppe.
  6275 | D:6      | Reached XP level 8. HP: 55/64 MP: 12/12
  6345 | D:6      | Noticed Edmund
  6363 | D:6      | Killed Edmund
  6579 | D:6      | Reached skill level 1 in Maces & Flails
  6610 | D:6      | You fall through a shaft for 3 floors!
  6634 | D:8      | Noticed a dream sheep
  6635 | D:8      | Noticed a dream sheep
  6646 | D:8      | Found the +9 staff of Olgreb {rPois}
  6665 | D:8      | Gained mutation: You cannot study or cast Air magic. [Ru sacrifice]
  6665 | D:8      | Gained mutation: You cannot study or cast Transmutations magic. [Ru sacrifice]
  6665 | D:8      | Gained mutation: You cannot study or cast Conjurations magic. [Ru sacrifice]
  6665 | D:8      | Reached * piety under Ru
  6665 | D:8      | Reached ** piety under Ru
  6745 | D:6      | Reached skill level 2 in Maces & Flails
  7021 | D:6      | Reached skill level 3 in Maces & Flails
  7231 | D:6      | Found Pohon's General Store.
  7252 | D:6      | Noticed Prince Ribbit
  7267 | D:6      | Killed Prince Ribbit
  7267 | D:6      | Reached skill level 4 in Maces & Flails
  7280 | D:6      | Noticed Duvessa
  7372 | D:6      | Noticed Dowan
  7380 | D:6      | Killed Duvessa
  7380 | D:6      | Reached skill level 5 in Maces & Flails
  7388 | D:6      | Killed Dowan
  7393 | D:6      | Reached XP level 9. HP: 62/69 MP: 10/13
  7433 | D:6      | Found Kueskin's Armour Emporium.
  7458 | D:6      | Found Avaocleq's Jewellery Emporium.
  7721 | D:6      | Noticed Pikel
  7745 | D:6      | Killed Pikel
  7745 | D:6      | Reached skill level 6 in Maces & Flails
  8204 | D:7      | Reached skill level 7 in Maces & Flails
  8733 | D:7      | Reached skill level 8 in Maces & Flails
  9537 | D:8      | Got a crystal mace
  9569 | D:8      | Reached skill level 9 in Maces & Flails
  9569 | D:8      | Reached XP level 10. HP: 55/76 MP: 9/14
  9673 | D:8      | Noticed a three-headed hydra
  9690 | D:8      | Killed a three-headed hydra
  9989 | D:8      | Gained mutation: You cannot study or use magical devices. [Ru sacrifice]
  9989 | D:8      | Reached *** piety under Ru
  9989 | D:8      | Reached **** piety under Ru
 10004 | D:8      | Reached skill level 10 in Maces & Flails
 10091 | D:8      | Found a runed door.
 10095 | D:8      | Found a runed gate.
 10097 | D:8      | Found a runed gate.
 10097 | D:8      | Found a runed gate.
 10105 | D:8      | Found a runed door.
 10140 | D:8      | Noticed a purple ugly thing
 10153 | D:8      | Killed a purple ugly thing
 10643 | D:8      | Reached skill level 11 in Maces & Flails
 11174 | D:8      | Identified the +7 mace "Kaegash" {freeze, Str+4} (You found it on level 8 of the Dungeon)
 11339 | D:9      | Noticed Gastronok
 11477 | D:9      | Found Jiaraq's General Store.
 11684 | D:9      | Noticed Erolcha
 11692 | D:9      | Killed Erolcha
 11692 | D:9      | Reached XP level 11. HP: 75/81 MP: 12/15
 11753 | D:10     | Entered Level 10 of the Dungeon
 12232 | D:10     | Reached skill level 12 in Maces & Flails
 13142 | D:11     | Found a frozen archway.
 13148 | IceCv    | Entered an ice cave
 13326 | IceCv    | Killed kal9871's ghost
 13355 | IceCv    | Killed a reaper
 14081 | D:11     | Noticed a deep elf mage
 14102 | D:11     | Killed a deep elf mage
 14114 | D:11     | Identified the Almanac of Axaxaxas mlö
 14261 | D:11     | Noticed a deep elf mage
 14262 | D:11     | Noticed a deep elf mage
 14348 | D:9      | Got a distressingly furry scale mail
 14989 | D:11     | Identified the Papyrus of Combed Thunderclap
 14996 | D:11     | Identified Ts'ui Pên's Almanac of Forking Paths
 15283 | D:11     | Found a staircase to the Lair.
 15289 | Lair:1   | Entered Level 1 of the Lair of Beasts
 15357 | Lair:1   | Noticed Cadaver's ghost (journeyman HuGl)
 15383 | Lair:1   | Killed Cadaver's ghost
 15425 | Lair:1   | Reached skill level 13 in Maces & Flails
 15425 | Lair:1   | Reached XP level 12. HP: 30/94 MP: 9/16
 15541 | Lair:1   | Found a labyrinth entrance.
 15550 | Lab      | Entered a labyrinth
 16648 | Lab      | Noticed a minotaur
 16655 | Lab      | Shot with an arrow by a minotaur

Vault maps used:
D:1:      ncdulo_halloftheorcs
D:2:      first_bread, minivault_14, nicolae_tso_carved_into_rock
D:3:      grunt_temple_overflow_diamond, elyvilon_altar_3
D:4:      temple_statues, gup_ossuary_entry_pyramid
D:5:      grunt_dithmenos_shadows, serial_undead, serial_undead_a,
          serial_undead_e, serial_undead_f, serial_undead_d, uniq_grinder
D:6:      serial_shops, shop, shop, shop, shop, uniq_duvessa, uniq_edmund,
          uniq_pikel, uniq_prince_ribbit1
D:8:      hangedman_ranch, minmay_guarded_unrand_staff_of_olgreb
D:9:      serial_shops, nicolae_shop_stone, uniq_gastronok, uniq_erolcha
D:11:     lair_entry_dummy, portal_ice_cave_entry_pillars_1,
          bh_hangedman_babel_library
Lair:1:   basic_altar, lab_entry_generic, st_stairs_8, uniq_nergalle
Lab:      nicolae_lab_dead_adventurers, lab_fountain, lab_statue,
          nicolae_lab_quarters
Ossuary:  ossuary_zaba_two_paths
IceCv:    ice_cave_small_demon

Skill      XL: |  1  2  3  4  5  6  7  8  9 10 11 |
---------------+----------------------------------+-----
Fighting       | 1 2 3 4 6 8 |  8.9
Armour         | 1 3 4 5 6 |  6.0
Maces & Flails | 5 9 11 13 | 13.4
Air Magic      | 0 |  0.0
Transmutations | 0 |  0.0
Evocations     | 0 |  0.0
Shields        | |  1.0
Spellcasting   | |  2.6
Charms         | |  1.5
Earth Magic    | |  1.0

Action                   |  1- 3 |  4- 6 |  7- 9 | 10-12 || total
-------------------------+-------+-------+-------+-------++-------
Melee: Club              |    96 |       |       |       ||    96
       Dagger            |    67 |   373 |   155 |       ||   595
       Flail             |       |       |   249 |   533 ||   782
       Morningstar       |       |       |       |   164 ||   164
Throw: Javelin           |     2 |    21 |    30 |    14 ||    67
 Cast: Infusion          |     1 |       |       |       ||     1
Invok: Sacrifice Essence |       |     1 |       |       ||     1
       Sacrifice Arcana  |       |       |     1 |       ||     1
       Sacrifice Artific |       |       |       |     1 ||     1
       Draw Out Power    |       |       |       |     1 ||     1
       Reject Sacrifices |       |       |       |     1 ||     1
Evoke: Wand              |       |       |       |     1 ||     1
  Use: Scroll            |       |     6 |     7 |     7 ||    20
 Stab: Distracted        |     1 |       |       |     3 ||     4
       Invisible         |       |       |       |     5 ||     5
Armor: Robe              |    32 |       |       |       ||    32
       Scale mail        |    21 |     1 |       |       ||    22
       Chain mail        |       |   189 |   118 |       ||   307
       Plate armour      |       |       |   129 |   330 ||   459
Dodge: Dodged            |   103 |    97 |   144 |   155 ||   499

Table legend:
 A = Spawn XP
 B = Non-spawn XP
 C = Spawn XP percentage of total XP
 D = Spawn monster count
 E = Non-spawn monster count
 F = Spawn count percentage of total count
 G = Total turns spent on level
                    A         B        C        D         E        F      G
               +---------+---------+-------+---------+---------+-------+---------
         Total |    2057 |   22771 |   8.3 |      72 |     315 |  18.6 | 16655
               +---------+---------+-------+---------+---------+-------+---------
           D:1 |       7 |      41 |  14.6 |       5 |      22 |  18.5 |  1805
           D:2 |       2 |      19 |   9.5 |       2 |       8 |  20.0 |   971
           D:3 |       6 |      65 |   8.5 |       3 |      22 |  12.0 |   922
           D:4 |       0 |     333 |   0.0 |       0 |      19 |   0.0 |   720
           D:5 |     139 |     698 |  16.6 |       6 |      13 |  31.6 |  1114
           D:6 |     235 |    1955 |  10.7 |       7 |      28 |  20.0 |  1293
           D:7 |     524 |     663 |  44.1 |      11 |      12 |  47.8 |  1626
           D:8 |     576 |    4808 |  10.7 |      25 |      44 |  36.2 |  2148
           D:9 |     204 |    1243 |  14.1 |       4 |       5 |  44.4 |   616
          D:10 |     315 |    3161 |   9.1 |       8 |      29 |  21.6 |  1339
          D:11 |      49 |    4252 |   1.1 |       1 |      30 |   3.2 |   988
        Lair:1 |       0 |    2437 |   0.0 |       0 |       7 |   0.0 |   261
           Lab |       0 |    2433 |   0.0 |       0 |       7 |   0.0 |  1105
       Ossuary |       0 |     240 |   0.0 |       0 |      57 |   0.0 |   877
         IceCv |       0 |     423 |   0.0 |       0 |      12 |   0.0 |   870
               +---------+---------+-------+---------+---------+-------+---------
